Map: [ESL] Alcyone

Players

ByuN - Winner!

  • Race: Terran Terran
  • Spawn Location: 7:00

trigger

  • Race: Protoss Protoss
  • Spawn Location: 1:00

Event: ESL Spring 2024 Finals

VOD

Have the link to the VOD?

Description

Time

  • Played on: June 1, 2024, 10:46 a.m.
  • Length: 19:36

All games in this series

Show
View Real Time Build Order
Export as new Build Order

ByuN Terran - Winner!

Build Orders:  

Get SALT Encoding   

  12  0:00  SCV  
  13  0:12  SCV  
  14  0:16  Supply Depot  
  14  0:24  SCV  
  15  0:38  SCV  
  15  0:39  Barracks  
  15  0:42  Refinery  
  16  0:50  SCV  
  16  0:53  Refinery  
  17  1:02  SCV  
  18  1:15  SCV  
  19  1:25  Reaper  
  19  1:27  Orbital Command  
  20  1:40  Factory  
  20  1:47  Supply Depot  
  20  1:54  SCV  
  21  1:59  Reaper  
  22  2:06  SCV  
  23  2:18  Command Center  
  24  2:24  Hellion  
  24  2:27  SCV  
  26  2:31  Barracks Reactor  
  26  2:38  Starport  
  26  2:39  SCV  
  27  2:45  Supply Depot  
  27  2:49  Widow Mine  
  29  2:57  SCV  
  30  3:09  SCV  
  30  3:12  Marine x2  
  33  3:14  Widow Mine  
  33  3:19  Medivac  
  37  3:21  SCV  
  38  3:33  SCV  
  38  3:34  Marine x2  
  39  3:35  Orbital Command  
  39  3:38  Factory Tech Lab  
  40  3:45  SCV  
  41  3:51  Starport Tech Lab, Marine x2  
  43  3:57  Siege Tank  
  43  3:58  Bunker  
  43  4:02  SCV x2  
  48  4:05  Supply Depot  
  48  4:13  Raven  
  48  4:14  SCV x2, Marine  
  53  4:17  Marine  
  54  4:27  SCV x2, Barracks  
  54  4:39  SCV x2  
  54  4:40  Marine x2  
  54  4:44  Siege Tank  
  61  4:51  SCV x2  
  60  4:58  Marine  
  58  5:03  SCV x2, Marine  
  61  5:09  Engineering Bay  
  61  5:10  Starport Reactor  
  61  5:11  Refinery  
  58  5:15  SCV x2  
  58  5:17  Barracks  
  58  5:21  Supply Depot  
  60  5:22  Siege Tank  
  60  5:25  Supply Depot, Marine  
  60  5:27  SCV x2, Stimpack  
  66  5:30  Marine x2  
  68  5:38  Refinery  
  68  5:39  SCV  
  68  5:40  Terran Infantry Weapons Level 1  
  68  5:44  SCV  
  68  5:49  Marauder  
  71  5:51  SCV  
  70  6:04  Marine x2  
  70  6:07  Command Center  
  70  6:11  Marauder  
  75  6:12  Combat Shield, Factory Reactor  
  75  6:13  Marauder  
  78  6:21  SCV x2  
  78  6:22  Supply Depot  
  78  6:24  Marine  
  81  6:27  Medivac x2  
  81  6:31  Marine  
  84  6:33  Marauder  
  86  6:41  Marauder  
  86  6:45  Barracks  
  88  6:47  SCV  
  88  6:49  SCV  
  88  6:50  Marine, Barracks  
  88  6:51  Marine  
  92  6:56  Supply Depot  
  94  7:01  Marauder  
  94  7:02  Marauder  
  94  7:08  Marine  
  97  7:09  Marine  
  98  7:20  SCV x2  
  102  7:23  Marauder  
  102  7:24  Marauder  
  102  7:25  Medivac  
  102  7:26  Medivac  
  102  7:27  Marine x2  
  110  7:32  SCV  
  110  7:33  SCV  
  112  7:40  Barracks Tech Lab  
  112  7:41  Barracks Reactor  
  113  7:44  SCV, Marauder  
  113  7:45  Supply Depot x2, SCV, Terran Infantry Armor Level 1, Marauder  
  117  7:57  SCV  
  107  8:02  Marine x2, Marauder  
  107  8:04  SCV  
  103  8:05  Orbital Command, Marauder  
  103  8:09  Concussive Shells, Viking, SCV  
  103  8:11  Viking  
  108  8:17  SCV  
  108  8:18  Ghost Academy  
  111  8:27  Marine, Marauder x3  
  111  8:28  Marine x3  
  111  8:34  SCV x3  
  122  8:42  Refinery x2, Viking  
  122  8:44  Viking  
  129  8:49  Supply Depot  
  129  8:50  Ghost x2  
  129  8:51  Ghost  
  129  8:55  SCV x3  
  135  8:58  Marine x3  
  138  9:07  SCV x3  
  138  9:08  Supply Depot  
  138  9:09  Supply Depot  
  141  9:16  Viking x2  
  145  9:19  SCV  
  146  9:25  Marauder  
  146  9:26  Marauder  
  146  9:27  Marine x5  
  155  9:35  Supply Depot  
  155  9:36  Command Center  
  155  9:44  Marine x2  
  155  9:45  Supply Depot, Marine  
  160  9:46  Marauder  
  160  9:47  Marauder x2  
  163  9:54  Viking x2  
  167  10:07  Engineering Bay  
  167  10:08  Armory  
  167  10:09  Marauder x3  
  173  10:19  Marine x3  
  176  10:25  Barracks  
  176  10:26  Barracks  
  176  10:27  Barracks  
  176  10:30  Ghost x2  
  176  10:32  Ghost  
  182  10:39  SCV  
  182  10:40  SCV x2  
  182  10:41  Marine x4  
  187  10:45  Medivac  
  187  10:48  Medivac  
  187  10:49  Supply Depot  
  191  10:56  Terran Infantry Armor Level 2  
  193  10:57  Terran Infantry Weapons Level 2  
  193  11:00  SCV x2  
  193  11:05  Marauder  
  193  11:06  Marauder  
  193  11:09  Marauder  
  199  11:11  Terran Ship Weapons Level 1  
  199  11:17  Barracks Tech Lab x2, Barracks Reactor  
  199  11:21  Planetary Fortress  
  199  11:25  Starport  
  199  11:28  SCV  
  199  11:32  Refinery  
  200  11:34  Refinery  
  200  11:36  SCV  
  200  11:37  SCV  
  199  11:52  Missile Turret, Command Center x2, Sensor Tower  
  199  11:53  Missile Turret  
  199  11:58  Missile Turret  
  198  12:12  Marauder x3  
  193  12:16  Marauder x2  
  193  12:19  Marine x2  
  165  12:23  Marine  
  165  12:24  Marine x3  
  163  12:33  Marauder  
  163  12:34  Liberator x4, Marauder x2  
  181  12:37  Marauder x2  
  181  12:52  Marine x6  
  181  12:55  Marauder x3  
  181  12:57  Factory Reactor  
  181  12:58  Marine, Ghost  
  172  13:12  Marine  
  172  13:13  Marine x2  
  172  13:16  Marine x2, Marauder x3  
  172  13:17  Marauder  
  172  13:18  Medivac  
  172  13:19  Medivac x3  
  173  13:21  Marine  
  170  13:27  Marauder  
  170  13:30  Marine, Sensor Tower  
  170  13:32  Terran Infantry Weapons Level 3  
  170  13:34  Terran Infantry Armor Level 3  
  173  13:38  Orbital Command, Marauder x4  
  181  13:53  Marine x2  
  181  13:55  Marauder  
  170  13:59  Marauder x4  
  138  14:10  Marine  
  138  14:12  Marine x2  
  138  14:13  Marine  
  138  14:16  Marauder  
  144  14:19  Marine x2  
  144  14:20  Marauder x2  
  144  14:21  Marauder x2  
  144  14:22  Viking  
  156  14:25  Viking  
  156  14:30  Viking  
  156  14:31  Viking  
  162  14:37  Planetary Fortress, Marauder  
  164  14:42  Marine, Marauder x2  
  164  14:43  Marine x4  
  173  14:46  Marine  
  173  14:52  Terran Ship Weapons Level 2  
  174  14:56  Ghost x2  
  174  14:59  Marauder  
  180  15:02  Viking  
  180  15:03  Marauder x2  
  180  15:06  SCV x3  
  180  15:07  SCV  
  190  15:13  Marine x3  
  193  15:19  Marine x2  
  193  15:20  Marauder  
  197  15:24  Marauder  
  197  15:27  Marine  
  195  15:52  Ghost  
  195  15:53  Ghost x2  
  197  15:59  Ghost x2  
  198  16:04  Command Center  
  198  16:07  Command Center  
  198  16:09  Command Center  
  192  16:21  Ghost x2  
  196  16:32  Ghost x2  
  193  16:47  Marine x4  
  193  16:48  Marauder  
  193  16:50  Marauder  
  193  16:51  Marauder  
  186  16:54  Marine x2  
  186  16:59  Medivac x2  
  186  17:00  Viking  
  186  17:01  Marauder x2, Viking  
  187  17:05  Marine x4  
  187  17:06  Hi-Sec Auto Tracking, Neosteel Armor  
  191  17:08  Ghost  
  191  17:11  Marine, Ghost  
  191  17:12  Marine  
  191  17:13  Marine  
  192  17:22  Marine x2, Ghost x2  
  190  17:23  Marine  
  190  17:29  Medivac x2  
  199  17:38  Orbital Command, Fusion Core  
  199  17:39  Orbital Command  
  187  18:08  Marauder x2  
  187  18:10  Marauder x2  
  183  18:14  Marine x3, Marauder  
  183  18:18  Marine x3  
  184  18:30  Liberator x4, Marauder x2  
  195  18:56  Marauder x2  
  195  19:02  Marauder x2  
  196  19:03  Marine  
  196  19:08  Marine  
  196  19:09  Marine  
  160  19:10  Marine  
  160  19:11  Marauder  
  160  19:13  Marine x2  
Show
View Real Time Build Order
Export as new Build Order

trigger Protoss 

Build Orders: 1 Gate Expand, Blink Stalkers, Chargelot Immortal 

Get SALT Encoding   

  12  0:00  Probe  
  13  0:12  Probe  
  14  0:16  Pylon  
  14  0:24  Probe (Chrono Boost)  
  15  0:36  Gateway, Probe (Chrono Boost)  
  16  0:44  Probe (Chrono Boost)  
  16  0:45  Assimilator  
  17  0:50  Probe  
  18  1:03  Probe  
  19  1:15  Probe  
  20  1:23  Cybernetics Core  
  20  1:32  Nexus  
  20  1:37  Pylon  
  20  1:41  Probe  
  20  1:45  Assimilator  
  21  1:53  Probe  
  22  1:56  Adept (Chrono Boost)  
  24  2:01  Warp Gate  
  24  2:05  Probe  
  25  2:16  Adept (Chrono Boost)  
  25  2:18  Probe  
  28  2:30  Twilight Council, Probe  
  29  2:39  Stalker  
  29  2:43  Probe  
  29  2:44  Probe  
  33  2:53  Gateway  
  33  2:56  Probe x2  
  33  3:01  Blink (Chrono Boost)  
  33  3:08  Probe  
  33  3:09  Probe  
  35  3:20  Probe  
  35  3:21  Probe  
  36  3:35  Probe (Chrono Boost)  
  36  3:37  Probe (Chrono Boost)  
  36  3:39  Robotics Facility  
  36  3:46  Probe (Chrono Boost)  
  36  3:48  Probe (Chrono Boost)  
  38  3:53  Nexus  
  38  3:55  Probe  
  38  3:59  Stalker  
  41  4:03  Stalker  
  41  4:06  Probe  
  44  4:10  Pylon  
  44  4:12  Probe  
  45  4:18  Probe  
  45  4:23  Assimilator  
  46  4:28  Probe  
  47  4:33  Stalker x2  
  47  4:36  Probe  
  49  4:50  Probe  
  49  4:51  Probe  
  47  5:02  Probe (Chrono Boost)  
  47  5:03  Probe (Chrono Boost)  
  47  5:11  Probe (Chrono Boost)  
  49  5:14  Robotics Bay, Probe (Chrono Boost)  
  49  5:15  Probe (Chrono Boost)  
  51  5:21  Probe (Chrono Boost)  
  51  5:23  Probe (Chrono Boost)  
  51  5:28  Probe (Chrono Boost)  
  52  5:30  Probe (Chrono Boost)  
  52  5:32  Pylon  
  52  5:35  Probe x2 (Chrono Boost)  
  55  5:42  Probe  
  54  5:46  Probe  
  54  5:47  Charge, Probe  
  54  5:49  Gateway  
  56  5:50  Gateway  
  56  5:53  Stalker  
  56  6:03  Colossus (Chrono Boost)  
  55  6:09  Probe  
  62  6:11  Probe x2  
  62  6:17  Shield Battery  
  64  6:23  Probe x2 (Chrono Boost)  
  67  6:25  Probe (Chrono Boost)  
  66  6:33  Zealot x2, Probe (Chrono Boost)  
  66  6:34  Probe (Chrono Boost)  
  66  6:35  Probe (Chrono Boost)  
  66  6:37  Shield Battery  
  66  6:39  Probe  
  57  6:40  Extended Thermal Lance  
  72  6:42  Probe  
  72  6:45  Probe  
  75  6:47  Zealot  
  75  6:49  Pylon  
  75  6:50  Pylon  
  77  6:58  Pylon  
  75  7:06  Colossus (Chrono Boost)  
  81  7:14  Zealot x4  
  89  7:18  Probe x2  
  89  7:20  Gateway  
  89  7:22  Gateway  
  91  7:25  Forge  
  91  7:29  Probe  
  90  7:38  Zealot x4  
  90  7:41  Probe x3  
  90  7:43  Assimilator  
  101  7:47  Assimilator  
  99  7:53  Probe  
  99  7:56  Probe  
  95  7:59  Zealot x3  
  95  8:00  Probe  
  95  8:05  Probe  
  101  8:08  Nexus  
  101  8:10  Protoss Ground Weapons Level 1 (Chrono Boost)  
  101  8:21  Pylon x2  
  101  8:22  Pylon  
  101  8:27  Pylon x2  
  101  8:31  Pylon  
  101  8:39  Probe, Immortal (Chrono Boost)  
  106  8:41  Stalker x2, Pylon  
  106  8:45  Gateway  
  106  8:46  Gateway  
  110  8:50  Pylon  
  110  8:51  Robotics Facility  
  110  8:55  Probe x3  
  113  8:56  Zealot x3  
  113  8:58  Shield Battery  
  117  9:07  Sentry x2  
  117  9:08  Immortal (Chrono Boost)  
  121  9:10  Probe  
  121  9:14  Probe  
  121  9:16  Photon Cannon  
  127  9:27  Stalker x3  
  127  9:29  Probe x2  
  135  9:33  Zealot x2  
  135  9:37  Immortal (Chrono Boost)  
  139  9:43  Stalker  
  139  9:45  Zealot  
  147  9:53  Stalker  
  147  9:54  Stalker x2, Immortal (Chrono Boost)  
  147  9:56  Stalker  
  147  9:58  Stalker  
  157  10:06  Immortal (Chrono Boost)  
  155  10:08  Protoss Ground Armor Level 1 (Chrono Boost), Pylon  
  155  10:09  Shield Battery  
  155  10:13  Forge  
  155  10:14  Zealot  
  159  10:19  Sentry x3  
  159  10:20  Stalker  
  171  10:29  Zealot x2  
  171  10:32  Immortal (Chrono Boost)  
  175  10:39  Immortal (Chrono Boost)  
  175  10:45  Zealot  
  175  10:46  Zealot, Robotics Facility  
  179  10:52  Protoss Ground Weapons Level 2 (Chrono Boost)  
  179  10:53  Assimilator  
  179  10:55  Pylon  
  179  10:56  Pylon  
  183  11:04  Assimilator, Immortal (Chrono Boost)  
  183  11:05  Zealot x2  
  183  11:08  Pylon  
  183  11:10  Pylon  
  189  11:24  Warp Prism (Chrono Boost)  
  189  11:26  Pylon  
  189  11:28  Shield Battery  
  189  11:31  Nexus  
  189  11:35  Photon Cannon  
  193  11:40  Pylon  
  193  11:42  Immortal (Chrono Boost)  
  193  11:44  Immortal (Chrono Boost)  
  191  11:49  Immortal (Chrono Boost)  
  191  11:51  Gateway  
  195  11:54  Gateway  
  195  12:00  Gateway  
  195  12:02  Warp Prism (Chrono Boost), Gateway  
  195  12:07  Immortal (Chrono Boost)  
  197  12:15  Zealot x4  
  181  12:20  Zealot  
  161  12:28  Stalker x2  
  163  12:35  Colossus (Chrono Boost)  
  163  12:36  Stalker x4  
  175  12:39  Protoss Ground Armor Level 2 (Chrono Boost)  
  175  12:40  Immortal (Chrono Boost)  
  175  12:41  Stalker  
  183  12:51  Zealot x3  
  183  12:52  Zealot  
  181  13:11  Zealot x5  
  177  13:19  Colossus (Chrono Boost)  
  161  13:21  Stalker x3  
  161  13:22  Stalker  
  175  13:28  Zealot x2  
  175  13:34  Dark Shrine  
  179  13:37  Templar Archives  
  179  13:42  Stalker x4  
  179  13:43  Stalker  
  189  13:48  Zealot x2  
  151  14:04  Psionic Storm  
  151  14:06  Stalker x3  
  151  14:07  Stalker x5  
  145  14:14  Zealot  
  145  14:15  Zealot x2  
  149  14:18  Probe (Chrono Boost)  
  148  14:27  Probe (Chrono Boost)  
  148  14:31  Protoss Ground Weapons Level 3 (Chrono Boost)  
  149  14:37  High Templar x2  
  153  14:38  High Templar x2  
  153  14:39  Immortal (Chrono Boost)  
  165  14:47  Immortal (Chrono Boost)  
  165  14:49  Shadow Stride (Chrono Boost)  
  165  14:56  Nexus  
  169  15:00  Zealot x2  
  169  15:04  Pylon, Immortal (Chrono Boost)  
  173  15:13  Protoss Ground Armor Level 3  
  171  15:22  Immortal x2  
  171  15:23  Stalker  
  171  15:24  Stalker x3  
  171  15:25  Zealot x2  
  187  15:34  Shield Battery  
  187  15:36  Stalker x3  
  193  15:53  Archon  
  191  16:07  High Templar x4  
  181  16:20  Zealot x6  
  181  16:21  Zealot, Disruptor  
  181  16:24  Disruptor  
  188  16:40  Stalker x6  
  188  16:46  Nexus  
  182  16:47  Zealot x4  
  161  16:56  Archon  
  161  16:58  Probe x2  
  161  16:59  Probe  
  161  17:00  Stalker  
  157  17:06  Stalker x5  
  161  17:16  Zealot  
  161  17:23  Nexus  
  161  17:38  Dark Templar x4  
  161  17:44  Colossus (Chrono Boost)  
  175  17:54  Zealot x4  
  159  18:19  Disruptor  
  158  18:23  Zealot x5  
  165  18:32  High Templar x2  
  169  18:35  Colossus  
  179  18:42  Probe x3 (Chrono Boost)  
  179  18:43  Probe (Chrono Boost)  
  179  18:46  Zealot x2  
  177  18:56  Immortal  
  177  18:59  Probe  
  172  19:09  Zealot x4  
  154  19:16  Zealot x3  
  89  19:27  Archon  
  89  19:28  Stalker x2  
Tags
 
Add a new tag
Caveats
  • Supply blocks, unpowered buildings, or Contaminate may cause inaccurate times.
  • Supply counts are checked every 10 seconds.